AoeStats
← THE RULER

Runestones

507455065Analyzed
1v1 RM · 13d ago on Sep 18, 2026· 16m 29s· 2 players
Game mode
Random Map
Map size
Tiny (2 player)
Population
200
Speed
Normal
Resources
Standard
Victory
Conquest
Starting age
Dark Age
Ending age
Imperial Age
RankedLock teamsTeams togetherTeam positionsShared explorationLock speedFull tech treeHidden civsTurbo modeCheats
Victory
Defeat
🇵🇰 Ethiopians · Pakistan
1932
+11
🇦🇺 Saracens · Australia
1811
-11
THE RULER
6:17 Loom
9:07 Feudal Age
9:59 Double-Bit Axe
11:42 Horse Collar
14:26 Fletching
16:28 Padded Archer Armor
ClockWork
6:16 Loom
8:58 Feudal Age
9:40 Double-Bit Axe
Connection lost

Rejoining the realm…

Still unreachable

The connection could not be restored.

Session expired

The server has moved on; the page needs a fresh start.